 Dungeon Crawl Stone Soup version 0.30-a0-347-gf58ed5266c (webtiles) character file.

Game seed: 6551875622051215905

151225 MTVSty1e the Executioner (level 17, -13/161 HPs)
             Began as a Minotaur Fighter on Nov 5, 2022.
             Was the Champion of Okawaru.
             Shot with an arrow by something (16 damage)
             ... on level 2 of the Elven Halls.
             The game lasted 00:39:47 (30962 turns).

MTVSty1e the Executioner (Minotaur Fighter)        Turns: 30962, Time: 00:39:48

Health: -13/161    AC: 29    Str: 27    XL:     17   Next: 0%
Magic:  24/24      EV:  8    Int:  7    God:    Okawaru [******]
Gold:   1112       SH: 12    Dex: 12    Spells: 16/16 levels left

rFire   + . .      SeeInvis .    y - +5 broad axe (drain)
rCold   + . .      Faith    .    c - +0 buckler
rNeg    + . .      Spirit   .    X - +9 plate armour of the Enormous God {rElec rN+ Int+4}
rPois   +          Reflect  +    (helmet restricted)
rElec   +          Harm     .    B - scarf {repulsion}
rCorr   .          Rampage  .    j - +0 pair of gloves of Vimmeige {rPois rF+ Int-2}
Will    +....                    w - +1 pair of boots {Fly}
Stlth   ..........               s - amulet of reflection
HPRegen 0.46/turn                h - +4 ring of slaying
MPRegen 0.19/turn                G - ring of protection from cold

@: flying, studying Fire Magic, repel missiles
A: horns 2, retaliatory headbutt
a: Renounce Religion, Heroism, Finesse, Duel


You were on level 2 of the Elven Halls.
You worshipped Okawaru.
Okawaru was exalted by your worship.
You visited 5 branches of the dungeon, and saw 25 of its levels.
You also visited: Ossuary and Gauntlet.

You collected 2895 gold pieces.
You spent 1783 gold pieces at shops.

Inventory:

Hand Weapons
 y - a +5 broad axe of draining (weapon)
 R - the +10 broad axe "Laisiffo" {freeze, Drain Int+4 Dex+8}
   (Okawaru gifted it to you on level 2 of the Lair of Beasts)

   It freezes those it strikes, dealing additional cold damage.
   It can also slow down cold-blooded creatures.
   Int:       It affects your intelligence (+4).
   Dex:       It affects your dexterity (+8).
   Drain:     It drains your maximum health when unequipped.
 W - the +5 great mace "Gewkuemi" {speed, rElec rCorr Int-4 Stlth+}
   (You took it off a minotaur in a Gauntlet)

   Attacks with this weapon are significantly faster.
   Int:       It affects your intelligence (-4).
   rElec:     It insulates you from electricity.
   rCorr:     It protects you from acid and corrosion.
   Stlth:     It makes you more stealthy.
Armour
 c - a +0 buckler (worn)
 j - the +0 pair of gloves of Vimmeige (worn) {rPois rF+ Int-2}
   (Okawaru gifted it to you on level 14 of the Dungeon)

   Int:       It affects your intelligence (-2).
   rF:        It protects you from fire.
   rPois:     It protects you from poison.
 w - a +1 pair of boots of flying (worn)
 B - a scarf of repulsion (worn)
 K - the +1 scale mail of Going Fast {rPois rF+ Will-}
   (You bought it in a shop on level 2 of the Orcish Mines)

   rF:        It protects you from fire.
   rPois:     It protects you from poison.
   Will:      It decreases your willpower.
 O - the +1 swamp dragon scales "Zutudasuo" {rPois Slay+5}
   (Okawaru gifted it to you on level 11 of the Dungeon)

   Slay:      It affects your accuracy & damage with ranged weapons and melee
   (+5).
   rPois:     It protects you from poison.
 X - the +9 plate armour of the Enormous God (worn) {rElec rN+ Int+4}
   (You took it off a minotaur in a Gauntlet)

   Int:       It affects your intelligence (+4).
   rElec:     It insulates you from electricity.
   rN:        It protects you from negative energy.
Jewellery
 h - a +4 ring of slaying (left hand)
 k - a ring of protection from fire
 s - an amulet of reflection (around neck)
 G - a ring of protection from cold (right hand)
 J - a ring of poison resistance
 L - the ring of Equilibrium {rN++ Str+4 Int-3 Dex+6 Stlth+}
   (You found it on level 10 of the Dungeon)

   [ring of dexterity]

   Str:       It affects your strength (+4).
   Int:       It affects your intelligence (-3).
   Dex:       It affects your dexterity (+6).
   rN:        It greatly protects you from negative energy.
   Stlth:     It makes you more stealthy.
 S - the ring "Zutogro" {Fly rF+ Int+2}
   (You found it on level 5 of the Lair of Beasts)

   [ring of flight]

   Int:       It affects your intelligence (+2).
   rF:        It protects you from fire.
   Fly:       It grants you flight.
 T - the ring "Zeumyewile" {rN+ MP+9}
   (You took it off a minotaur in a Gauntlet)

   [ring of positive energy]

   rN:        It protects you from negative energy.
   MP:        It affects your magic capacity (+9).
 U - the amulet "Ifafewnuved" {RegenMP rF+ Int+2}
   (You found it in a Gauntlet)

   [amulet of magic regeneration]

   It increases your rate of magic regeneration.
   Int:       It affects your intelligence (+2).
   rF:        It protects you from fire.
 V - an amulet of faith
Wands
 t - a wand of paralysis (2)
 u - a wand of quicksilver (23)
 F - a wand of roots (15)
 P - a wand of flame (16)
 Z - a wand of digging (5)
Scrolls
 e - 2 scrolls of amnesia
 i - a scroll of enchant weapon
 l - 6 scrolls of fog
 n - 11 scrolls of magic mapping
 o - 4 scrolls of immolation
 q - 2 scrolls of teleportation
 r - 2 scrolls of fear
 A - a scroll of silence
 I - 9 scrolls of identify
 Y - 3 scrolls of enchant armour
Potions
 b - 4 potions of mutation
 d - a potion of might
 f - 9 potions of lignification
 g - 2 potions of ambrosia
 m - 3 potions of flight
 p - 11 potions of curing
 x - 3 potions of resistance
 z - 3 potions of cancellation
 C - 6 potions of haste
 D - 7 potions of attraction
 H - a potion of brilliance
 M - a potion of magic
 N - a potion of invisibility
 Q - a potion of berserk rage


   Skills:
 + Level 17.3 Fighting
 * Level 23.3 Axes
 + Level 14.0 Armour
 + Level 14.0 Shields
 + Level 11.3 Invocations


You had 16 spell levels left.
You didn't know any spells.
Your spell library contained the following spells:

 Spells                   Type           Power      Damage    Failure   Level
 Apportation              Tloc           0%         N/A       98%         1
 Beastly Appendage        Tmut           0%         N/A       98%         1
 Necrotise                Necr           0%         1d4       98%         1
 Sandblast                Erth           0%         2d4       98%         1
 Sting                    Tmut/Pois      0%         1d3       98%         1
 Blink                    Tloc           0%         N/A       99%         2
 Momentum Strike          Conj/Tloc      0%         3d8       99%         2
 Poisonous Vapours        Pois/Air       0%         N/A       99%         2
 Scorch                   Fire           0%         2d5       99%         2
 Wereblood                Tmut           0%         N/A       99%         2
 Frozen Ramparts          Ice            0%         1d1       100%        3
 Gell's Gravitas          Tloc           0%         N/A       100%        3
 Inner Flame              Hex/Fire       0%         N/A       100%        3
 Lesser Beckoning         Tloc           0%         N/A       100%        3
 Spider Form              Tmut/Pois      0%         N/A       100%        3
 Stone Arrow              Conj/Erth      0%         3d7       100%        3
 Teleport Other           Tloc           0%         N/A       100%        3
 Vampiric Draining        Necr           0%         2d6       100%        3
 Cause Fear               Hex            0%         N/A       100%        4
 Flame Wave               Conj/Fire      0%         2d4       100%        4
 Ice Form                 Ice/Tmut       0%         N/A       100%        4
 Leda's Liquefaction      Hex/Erth       0%         N/A       100%        4
 Manifold Assault         Tloc           0%         N/A       100%        4
 Olgreb's Toxic Radiance  Pois           0%         N/A       100%        4
 Agony                    Necr           0%         N/A       100%        5
 Blade Hands              Tmut           0%         N/A       100%        5
 Lee's Rapid Deconstruct  Erth           0%         3d4*      100%        5
 Yara's Violent Unravell  Hex/Tmut       0%         3d3       100%        5
 Dispersal                Tloc           0%         N/A       100%        6
 Iron Shot                Conj/Erth      0%         9d1       100%        6
 Statue Form              Tmut/Erth      0%         N/A       100%        6
 Storm Form               Tmut/Air       0%         N/A       100%        7
 Discord                  Hex            0%         N/A       100%        8
 Chain Lightning          Conj/Air       0%         N/A       100%        9
 Fire Storm               Conj/Fire      0%         5d1       100%        9
 Shatter                  Erth           0%         3d5*      100%        9
 Summon Small Mammal      Summ           Unusable   N/A       N/A         1
 Animate Armour           Summ/Erth      Unusable   N/A       N/A         4
 Summon Ice Beast         Ice/Summ       Unusable   N/A       N/A         4
 Summon Cactus Giant      Summ           Unusable   N/A       N/A         6

Dungeon Overview and Level Annotations

Branches:
Dungeon (15/15)            Temple (1/1) D:4            Lair (5/5) D:11
  Swamp (0/4) Lair:2       Spider (0/4) Lair:2        Slime (0/5) Lair:5
    Orc (2/2) D:10            Elf (1/3) Orc:2        Vaults (0/5) D:13
 Depths (0/4) D:15        Ossuary (visited)         Gauntlet (visited)

Altars:
Ashenzari
Cheibriados
Dithmenos
Elyvilon
Fedhas
Gozag
Hepliaklqana
Kikubaaqudgha
Makhleb
Nemelex Xobeh
Okawaru
Qazlal
Ru
Sif Muna
Trog
Uskayaw
Vehumet
Wu Jian
Xom
Yredelemnul
Zin
The Shining One
Jiyva

Shops:
D:5 (   Orc:1 [   Orc:2 !*[(:?!

Portals:
Trove: D:12 (give +3 gold dragon scales)

Annotations:
D:9 3 runed translucent doors, KayVoo's ghost, novice DrCA
Lair:3 2 transporters, exclusion: ice statue, Hifruza's ghost, journeyman DEIE


Innate Abilities, Weirdness & Mutations

You have a pair of horns on your head.
You reflexively headbutt those who attack you in melee.


Message History

You have reached level 17!
You feel much better.
You hear a twanging sound.
An arrow appears from out of thin air!
The arrow hits you!
* * * LOW HITPOINT WARNING * * *
The deep elf knight unwields a +2 long sword of holy wrath.
It stops glowing.
The deep elf knight wields a +0 shortbow.
The deep elf knight shoots an arrow.
Something hits you!
* * * LOW HITPOINT WARNING * * *
You hear some strange, mumbled words.
A lance of force appears from out of thin air!
The lance of force hits something!
Reactivating autopickup.
You feel a bit more experienced.
Blink to where?
Press: ? - help, Dir - move target
As you read the scroll of blinking, it crumbles to dust.
You hear a twanging sound.
An arrow appears from out of thin air!
Deactivating autopickup; reactivate with Ctrl-A.
The arrow hits you but does no damage.
There is an open door here.
You hear a twanging sound.
An arrow appears from out of thin air!
The arrow hits you.
* * * LOW HITPOINT WARNING * * *
There's nothing to close nearby.
You hear a twanging sound.
An arrow appears from out of thin air!
The arrow hits you!
* * * LOW HITPOINT WARNING * * *
You hear a twanging sound.
An arrow appears from out of thin air!
The arrow hits you but does no damage.
You hear a twanging sound.
An arrow appears from out of thin air!
The arrow hits you!
* * * LOW HITPOINT WARNING * * *
There is a stone staircase leading up here.
You hear a twanging sound.
An arrow appears from out of thin air!
The arrow hits you!
You die...

##.###### #.# #.# #..## #.#
##'## #.###.## #.# ##...##
##...## #.### ##.....#####.###
#.#.## ##.........##.#.##
####....####.....)....##....##
........[..')....)..)'..<....#
#####...####).........##....##
##..# ##...@............#
##.######)....##.##.###.#
#............###.#.#.##.#
#..######.#'## #..###.#.#
#..#### #.#.# #.## ##..#
#.....###.#.####..###.#.#
#.###.#..........#.#.##.#
#.......................#
#...............####.####


There were no monsters in sight!

Vanquished Creatures
  Saint Roka (Orc:2)
  Agnes (D:14)
  Roxanne (D:14)
  An orc warlord (Orc:2)
  A deep elf elementalist (Elf:2)
  A stone giant (D:15)
  Azrael (D:14)
  2 deep elf annihilators
  A minotaur (Gauntlet)
  Nessos (D:13)
  The ghost of Laemies the Protected, a journeyman DsAK of Lugonu (Orc:1)
  Josephine (D:14)
  An ettin (Orc:1)
  2 ogre magi
  9 hydras
  A death knight (D:13)
  6 centaur warriors
  9 boulder beetles
  3 catoblepae
  19 dancing weapons
  17 two-headed ogres
  A deep troll shaman (Lair:5)
  16 death yaks (Lair:5)
  A hell hog (Gauntlet)
  3 tengu warriors
  Nergalle (Orc:2)
  An orc high priest (Orc:2)
  11 deep elf knights
  12 skeletal warriors
  A lindwurm (Lair:5)
  6 deep elf archers
  6 orc knights
  Pikel (D:6)
  A phantasmal warrior (D:13)
  An oklob plant (Lair:4)
  13 deep elf pyromancers
  7 ugly things
  5 cyclopes
  13 deep elf zephyrmancers
  3 orc sorcerers
  Joseph (D:9)
  4 elephants
  7 black mambas
  4 manticores
  2 gargoyles
  A water nymph (shapeshifter) (Gauntlet)
  Maggie (D:9)
  A torpor snail (Lair:4)
  8 cane toads
  4 komodo dragons
  An unseen horror (D:13)
  3 yaktaurs (D:13)
  2 rime drakes (shapeshifter)
  An efreet (D:15)
  A freezing wraith (D:14)
  3 rime drakes (Lair:5)
  2 trolls
  A merfolk (shapeshifter) (Gauntlet)
  5 polar bears
  A merfolk (D:10)
  3 tyrant leeches (Lair:2)
  Prince Ribbit (D:5)
  26 blink frogs
  19 slime creatures
  Sigmund (D:2)
  2 water elementals (Elf:2)
  4 air elementals (Elf:1)
  2 fire elementals
  4 fire bats (Gauntlet)
  4 basilisks
  A fire bat (shapeshifter) (D:13)
  6 wraiths
  2 wyverns
  54 yaks
  3 steam dragons
  A golden eye (shapeshifter) (Elf:1)
  A redback (shapeshifter) (Gauntlet)
  A redback (Lair:2)
  6 vampire mosquitoes
  3 swamp worms (Lair:2)
  Edmund (D:5)
  2 acid dragons
  5 wargs
  14 water moccasins
  4 hell hounds
  27 orc warriors
  A sky beast (D:7)
  2 black bears
  11 ogres
  8 centaurs
  12 wolves
  A phantom (D:6)
  Blork the orc (D:6)
  4 kobold brigands
  16 bullfrogs
  2 scorpions
  A gnoll sergeant (D:13)
  10 wights
  42 killer bees
  6 howler monkeys (D:8)
  An electric eel (Lair:4)
  11 orc priests
  3 hounds
  4 jellies (Lair:5)
  2 gnoll boudas
  2 human zombies (Ossuary)
  Jessica (D:2)
  Ijyb (D:5)
  4 iguanas
  15 orc wizards
  A boggart simulacrum (D:14)
  2 mummies (Ossuary)
  6 gnolls
  7 adders
  3 white imps
  2 worms
  A dart slug (D:4)
  64 orcs
  7 ball pythons
  4 endoplasms
  A giant cockroach (D:3)
  2 gnoll zombies (Ossuary)
  4 hobgoblins
  2 jackals (D:2)
  10 kobolds
  5 bats
  3 frilled lizards (D:1)
  7 goblins
  4 goblin zombies (Ossuary)
  5 hobgoblin zombies (Ossuary)
  An orc zombie (Ossuary)
  4 rats
739 creatures vanquished.

Vanquished Creatures (others)
  A dancing weapon (Elf:2)
  A deep elf knight (Elf:2)
  A kobold (D:9)
  9 fungi
  25 plants
  2 withered plants (Gauntlet)
39 creatures vanquished.

Grand Total: 778 creatures vanquished

Notes
Turn   | Place    | Note
-------+----------+-------------------------------------------
     0 | D:1      | MTVSty1e the Minotaur Fighter began the quest for the Orb.
     0 | D:1      | Reached XP level 1. HP: 19/19 MP: 0/0
   280 | D:1      | Reached skill level 3 in Axes
   286 | D:1      | Reached XP level 2. HP: 26/27 MP: 1/1
   371 | D:1      | Found a faded altar of an unknown god.
   586 | D:2      | Reached XP level 3. HP: 33/33 MP: 2/2
   709 | D:2      | Reached skill level 4 in Axes
   734 | D:2      | Noticed Jessica
   738 | D:2      | Killed Jessica
   953 | D:2      | Noticed Sigmund
   976 | D:2      | Killed Sigmund
   977 | D:2      | Reached skill level 5 in Fighting
   977 | D:2      | Reached skill level 6 in Axes
   977 | D:2      | Reached XP level 4. HP: 35/42 MP: 3/3
   977 | D:2      | Reached XP level 5. HP: 40/48 MP: 4/4
  1546 | D:3      | Reached XP level 6. HP: 56/56 MP: 5/5
  1803 | D:3      | Reached skill level 7 in Axes
  2641 | D:4      | Found a staircase to the Ecumenical Temple.
  2650 | Temple   | Entered the Ecumenical Temple
  2681 | Temple   | Became a worshipper of Warmaster Okawaru
  3102 | D:5      | Entered Level 5 of the Dungeon
  3225 | D:5      | Noticed Prince Ribbit
  3230 | D:5      | Noticed Edmund
  3233 | D:5      | Killed Prince Ribbit
  3234 | D:5      | Reached skill level 8 in Axes
  3234 | D:5      | Reached XP level 7. HP: 54/64 MP: 6/6
  3247 | D:5      | HP: 1/64 [Edmund/+4 flail of holy wrath (7)]
  3248 | D:5      | Killed Edmund
  3614 | D:5      | Reached * piety under Okawaru
  3615 | D:5      | Reached skill level 9 in Axes
  3703 | D:5      | Reached XP level 8. HP: 73/73 MP: 7/7
  3706 | D:5      | Found a hide-covered altar of Uskayaw.
  3859 | D:5      | Found Jetec's Weapon Shop.
  3976 | D:5      | Noticed Ijyb
  3982 | D:5      | Killed Ijyb
  4228 | D:5      | Bought a +3 vorpal broad axe for 322 gold pieces
  4290 | D:6      | Found a sand-covered staircase.
  4316 | Ossuary  | Entered an ossuary
  4457 | D:6      | Noticed Blork the orc
  4463 | D:6      | Killed Blork the orc
  4464 | D:6      | Reached skill level 10 in Axes
  4587 | D:6      | Noticed Pikel
  4592 | D:6      | Killed Pikel
  4592 | D:6      | Reached ** piety under Okawaru
  4593 | D:6      | Reached skill level 11 in Axes
  4783 | D:6      | Identified a scroll of acquirement
  4783 | D:6      | Acquired a +1 pair of boots of flying
  5060 | D:6      | Found a burning altar of Makhleb.
  5061 | D:6      | Found a glowing silver altar of Zin.
  5061 | D:6      | Noticed an angel
  5062 | D:6      | Noticed a blizzard demon
  5982 | D:7      | Reached XP level 9. HP: 82/82 MP: 8/8
  6260 | D:7      | Found a shadowy altar of Dithmenos.
  6493 | D:7      | Reached skill level 12 in Axes
  6709 | D:7      | Noticed a two-headed ogre
  6860 | D:7      | Killed a two-headed ogre
  6861 | D:7      | Reached skill level 10 in Fighting
  6861 | D:7      | Reached skill level 13 in Axes
  6905 | D:7      | Reached *** piety under Okawaru
  7018 | D:7      | Reached skill level 14 in Axes
  7020 | D:7      | Reached XP level 10. HP: 94/94 MP: 9/9
  7038 | D:7      | Noticed a manticore
  7088 | D:7      | Killed a manticore
  7088 | D:7      | Reached **** piety under Okawaru
  7538 | D:8      | Reached skill level 15 in Axes
  7962 | D:9      | Reached skill level 1 in Invocations
  7967 | D:9      | Reached ***** piety under Okawaru
  8134 | D:9      | Reached XP level 11. HP: 46/104 MP: 11/11
  8227 | D:9      | Noticed a two-headed ogre
  8232 | D:9      | Killed a two-headed ogre
  8233 | D:9      | Reached skill level 5 in Armour
  8307 | D:9      | Reached skill level 16 in Axes
  8307 | D:9      | Reached skill level 5 in Shields
  8416 | D:9      | Noticed Maggie
  8424 | D:9      | Noticed Joseph
  8431 | D:9      | Killed Maggie
  8436 | D:9      | Killed Joseph
  8968 | D:9      | Found a runed translucent gate.
  8968 | D:9      | Found a runed translucent gate.
  8969 | D:9      | Found a runed translucent gate.
  8969 | D:9      | Noticed KayVoo's ghost (novice DrCA)
  9053 | D:9      | Received a gift from Okawaru
  9431 | D:10     | Entered Level 10 of the Dungeon
  9477 | D:10     | Noticed a centaur warrior
  9478 | D:10     | Noticed a deep elf pyromancer
  9481 | D:10     | Noticed an orc knight
  9482 | D:10     | Killed a centaur warrior
  9487 | D:10     | Noticed a two-headed ogre
  9928 | D:10     | Noticed a two-headed ogre
  9931 | D:10     | Killed a two-headed ogre
 10024 | D:10     | Noticed a boulder beetle
 10056 | D:10     | Reached ****** piety under Okawaru
 10068 | D:10     | Killed a boulder beetle
 10068 | D:10     | Received a gift from Okawaru
 10206 | D:10     | Killed a deep elf pyromancer
 10215 | D:10     | Noticed a tengu warrior
 10236 | D:10     | Killed a tengu warrior
 10356 | D:10     | Noticed a skeletal warrior
 10362 | D:10     | Killed a skeletal warrior
 10363 | D:10     | Reached skill level 17 in Axes
 10372 | D:10     | Killed a two-headed ogre
 10373 | D:10     | Reached XP level 12. HP: 102/113 MP: 12/14
 10681 | D:10     | Identified the ring of Equilibrium {rN++ Str+4 Int-3 Dex+6
                  | Stlth+}
 10862 | D:10     | Found a staircase to the Orcish Mines.
 11445 | D:11     | Identified the +1 swamp dragon scales "Zutudasuo" {rPois
                  | Slay+5} (Okawaru gifted it to you on level 11 of the
                  | Dungeon)
 11445 | D:11     | Received a gift from Okawaru
 11588 | D:11     | Reached skill level 5 in Invocations
 11600 | D:11     | Found a staircase to the Lair.
 11640 | D:11     | Noticed a two-headed ogre
 11647 | D:11     | Killed a two-headed ogre
 12536 | Lair:1   | Entered Level 1 of the Lair of Beasts
 13534 | Lair:1   | Reached skill level 18 in Axes
 13999 | Lair:2   | Found a staircase to the Swamp.
 14016 | Lair:2   | Noticed an eight-headed hydra
 14024 | Lair:2   | Killed an eight-headed hydra
 14169 | Lair:2   | Noticed a boulder beetle
 14190 | Lair:2   | Killed a boulder beetle
 14370 | Lair:2   | Identified the +10 broad axe "Laisiffo" {freeze, Drain
                  | Int+4 Dex+8} (Okawaru gifted it to you on level 2 of the
                  | Lair of Beasts)
 14370 | Lair:2   | Received a gift from Okawaru
 14444 | Lair:2   | Found a hole to the Spider Nest.
 14508 | Lair:2   | Reached XP level 13. HP: 117/123 MP: 16/16
 15918 | Lair:3   | Found a transporter.
 15979 | Lair:3   | Noticed Hifruza's ghost (journeyman DEIE)
 15984 | Lair:3   | Found a transporter.
 16456 | Lair:4   | Identified the +5 cloak of Kleptomania {+Blink Str+3
                  | Slay-2} (Okawaru gifted it to you on level 4 of the Lair of
                  | Beasts)
 16456 | Lair:4   | Received a gift from Okawaru
 16695 | Lair:4   | Reached skill level 19 in Axes
 17040 | Lair:4   | Found the +1 robe of Vines {NoPotionHeal Regen++++}
 17782 | Lair:5   | Entered Level 5 of the Lair of Beasts
 17821 | Lair:5   | Reached skill level 10 in Armour
 17823 | Lair:5   | Reached skill level 10 in Shields
 18169 | Lair:5   | Received a gift from Okawaru
 18174 | Lair:5   | Reached XP level 14. HP: 62/133 MP: 16/18
 18768 | Lair:5   | Received a gift from Okawaru
 18996 | Lair:5   | Reached skill level 20 in Axes
 19224 | Lair:5   | Identified the ring "Zutogro" {Fly rF+ Int+2}
 19334 | Lair:5   | Got Zemuykhe's Directory of Stones
 19439 | Lair:5   | Reached skill level 15 in Fighting
 19693 | Lair:5   | Found a viscous altar of Jiyva.
 19693 | Lair:5   | Found a staircase to the Slime Pits.
 20578 | D:12     | Found a gate leading to a gauntlet.
 20605 | Gauntlet | Entered a Gauntlet
 20605 | Gauntlet | Found a transporter.
 20605 | Gauntlet | Found a transporter.
 20605 | Gauntlet | Found a transporter.
 20608 | Gauntlet | Found a transporter.
 20631 | Gauntlet | Found a transporter.
 20645 | Gauntlet | Found a transporter.
 20659 | Gauntlet | Found a transporter.
 20668 | Gauntlet | Found a transporter.
 20684 | Gauntlet | Found a transporter.
 20690 | Gauntlet | Found a transporter.
 20704 | Gauntlet | Found a transporter.
 20721 | Gauntlet | Found a transporter.
 21090 | Gauntlet | Identified the amulet "Ifafewnuved" {RegenMP rF+ Int+2}
 21102 | Gauntlet | Identified the +2 arbalest of the Pit {flame, rElec rF-
                  | Dex+3}
 21102 | Gauntlet | Identified the +5 great mace "Gewkuemi" {speed, rElec rCorr
                  | Int-4 Stlth+}
 21102 | Gauntlet | Identified the +9 plate armour of the Enormous God {rElec
                  | rN+ Int+4}
 21102 | Gauntlet | Identified the ring "Zeumyewile" {rN+ MP+9}
 21553 | Gauntlet | Got Sif Muna's Directory of Metamorphosis
 21869 | D:12     | Found a portal to a secret trove of treasure.
 22770 | D:13     | Identified the +9 crystal plate armour of Somewhere Else
                  | {Str+4} (Okawaru gifted it to you on level 13 of the
                  | Dungeon)
 22770 | D:13     | Received a gift from Okawaru
 22829 | D:13     | Reached XP level 15. HP: 92/141 MP: 20/20
 22912 | D:13     | Noticed Nessos
 22922 | D:13     | Reached skill level 21 in Axes
 22924 | D:13     | Killed Nessos
 23847 | D:13     | Found a gate to the Vaults.
 23965 | D:14     | Noticed Roxanne
 23980 | D:14     | Killed Roxanne
 23996 | D:14     | Noticed Josephine
 24006 | D:14     | Killed Josephine
 24209 | D:14     | Noticed Azrael
 24223 | D:14     | Killed Azrael
 24230 | D:14     | Received a gift from Okawaru
 25617 | D:14     | Noticed Agnes
 25629 | D:14     | Killed Agnes
 25629 | D:14     | Identified the +0 pair of gloves of Vimmeige {rPois rF+
                  | Int-2} (Okawaru gifted it to you on level 14 of the
                  | Dungeon)
 25629 | D:14     | Received a gift from Okawaru
 26004 | D:15     | Entered Level 15 of the Dungeon
 26073 | D:15     | Reached skill level 10 in Invocations
 26436 | D:15     | Reached skill level 22 in Axes
 26681 | D:15     | Found a staircase to the Depths.
 27075 | Orc:1    | Entered Level 1 of the Orcish Mines
 27180 | Orc:1    | Noticed Laemies's ghost (journeyman DsAK)
 27181 | Orc:1    | Found a transporter.
 27183 | Orc:1    | Found Teesak's Antique Armour Emporium.
 27183 | Orc:1    | Identified the +4 great mace of Massacring {flame, rPois
                  | rN++ Int-2 Dex-5}
 27188 | Orc:1    | Found a transporter.
 27226 | Orc:1    | Reached XP level 16. HP: 131/152 MP: 22/22
 27565 | Orc:1    | Killed Laemies's ghost
 27622 | Orc:2    | Entered Level 2 of the Orcish Mines
 27645 | Orc:2    | Found a staircase to the Elven Halls.
 27808 | Orc:2    | Noticed Nergalle
 28026 | Orc:2    | Found Pexeemani's Magic Scroll Shop.
 28052 | Orc:2    | Identified the +5 ring mail of Pathos {rF+ MP+9 Dex+2}
                  | (Okawaru gifted it to you on level 2 of the Orcish Mines)
 28052 | Orc:2    | Received a gift from Okawaru
 28056 | Orc:2    | Noticed Saint Roka
 28360 | Orc:2    | Killed Nergalle
 28476 | Orc:2    | Found Woviakk's Distillery.
 28478 | Orc:2    | Bought a scroll of blinking for 127 gold pieces
 28478 | Orc:2    | Bought a scroll of enchant weapon for 127 gold pieces
 28478 | Orc:2    | Bought a scroll of brand weapon for 161 gold pieces
 28478 | Orc:2    | Bought a scroll of enchant armour for 127 gold pieces
 28676 | Orc:2    | Found Yvel's Distillery.
 28815 | Orc:2    | Killed Saint Roka
 29067 | Orc:2    | Found Nocatun's Book Shop.
 29103 | Orc:2    | Found Cuvor's Antique Weapon Shop.
 29118 | Orc:2    | Found Etento's General Store.
 29134 | Orc:2    | Found Diucel's Antique Armour Shop.
 29141 | Orc:2    | Bought a slimy scale mail for 243 gold pieces
 29141 | Orc:2    | Identified the +1 scale mail of Going Fast {rPois rF+
                  | Will-} (You bought it in a shop on level 2 of the Orcish
                  | Mines)
 29209 | Orc:2    | Bought a potion of cancellation for 104 gold pieces
 29209 | Orc:2    | Bought a potion of haste for 130 gold pieces
 29209 | Orc:2    | Bought a potion of haste for 130 gold pieces
 29209 | Orc:2    | Bought a potion of heal wounds for 65 gold pieces
 29260 | Orc:2    | Bought a potion of lignification for 39 gold pieces
 29260 | Orc:2    | Bought a potion of curing for 39 gold pieces
 29260 | Orc:2    | Bought a potion of heal wounds for 65 gold pieces
 29260 | Orc:2    | Bought a potion of heal wounds for 65 gold pieces
 29260 | Orc:2    | Bought a potion of curing for 39 gold pieces
 29276 | Elf:1    | Entered Level 1 of the Elven Halls
 29278 | Elf:1    | Paralysed by an air elemental for 1 turns
 29601 | Elf:1    | Paralysed by an air elemental for 1 turns
 29805 | Elf:1    | You are sucked into a shaft and drop 1 floor!
 29805 | Elf:2    | Found a runed translucent gate.
 29805 | Elf:2    | Found a runed translucent gate.
 29805 | Elf:2    | Found a runed translucent gate.
 29858 | Elf:2    | Identified the +1 pair of gloves "Imimem" {Harm +Inv rC-
                  | SInv} (Okawaru gifted it to you on level 2 of the Elven
                  | Halls)
 29858 | Elf:2    | Received a gift from Okawaru
 29998 | Elf:2    | Reached skill level 23 in Axes
 30948 | Elf:2    | Reached XP level 17. HP: 29/161 MP: 22/24
 30961 | Elf:2    | HP: 3/161 [something (11)]
 30962 | Elf:2    | Shot with an arrow by something

Illustrated notes

Levels and vault maps discovered:
D:1:      minmay_arrival_hallway, layout_basic, ebering_ecumenical_altar_box
D:2:      minmay_spotlight, layout_basic, hangedman_decor_riveting,
          uniq_jessica, uniq_sigmund
D:3:      cheibrodos_pilgrimage, layout_loops_ring
D:4:      layout_cave_pools, minmay_temple_entry_antechambers, hex_large
D:5:      layout_basic, eat_drink_and_be_merry_uskayaw, serial_shops,
          shop_fountains, uniq_ijyb, uniq_prince_ribbit1, uniq_edmund
D:6:      layout_layer_cave, grunt_temple_overflow_order_and_chaos_2,
          nicolae_ossuary_entry_ruins, uniq_pikel, uniq_blork_the_orc
D:7:      kennysheep_windowed_halls, layout_basic, mainiacjoe_overflow_paths,
          dreamdust_princess_bridge
D:8:      layout_gridville
D:9:      wad_woods_minihive, layout_basic, gammafunk_ghost_nasty_kobolds,
          uniq_maggie, uniq_joseph
D:10:     minmay_cut_squares, layout_loops_ring, hangedman_fish_farm
D:11:     layout_long_grid, david_lair_generic, hangedman_decor_slide_cut
D:12:     layout_long_grid, gauntlet_entry_generic,
          nicolae_trove_entry_free_sample
D:13:     layout_roguey, hangedman_vaults_entry_quadrant_bands, uniq_nessos
D:14:     kennysheep_big_flooded_room, layout_cross, chequers_avenue,
          uniq_agnes, uniq_josephine, uniq_azrael, uniq_roxanne
D:15:     grunt_enter_depths_snipers, layout_irregular_city,
          chequers_serial_rivers_micro_d
Temple:   hc_temple_tempest_star
Lair:1:   layout_regular_city, serial_rivers, chequers_serial_rivers_micro_a,
          chequers_serial_rivers_micro_c, chequers_serial_rivers_room_b,
          chequers_serial_rivers_small_b, chequers_serial_rivers_small_b,
          chequers_serial_rivers_micro_c, lemuel_old_faithful
Lair:2:   layout_cellular_growth, minmay_swamp_entry_worms,
          spider_nest_entry_webs, grunt_megastairs_5
Lair:3:   layout_regular_city, nzn_ghost_randoct, nzn_sisyphean_effort,
          serial_bayou_shore_b
Lair:4:   layout_small_grid, hellmonk_guarded_unrand_vines,
          serial_bayou_shore_a, grunt_megastairs_3
Lair:5:   grunt_lair_end_beastmaster, layout_cave_pods,
          minmay_slime_entry_pillars, grunt_megastairs_1
Orc:1:    layout_caves, basic_altar, serial_shops, nicolae_shop_waterfront,
          gammafunk_ghost_smash
Orc:2:    grunt_orc_cross, layout_caves, serial_shops, nicolae_diamond_shop,
          shop, shop_fountains
Elf:1:    nicolae_elf_arrival_aired_out, layout_loops_cross, minmay_elf_sorcery
Elf:2:    nicolae_elf_blades_crystal_corner, layout_loops_corners

Skill      XL: |  1  2  3  4  5  6  7  8  9 10 11 12 13 14 15 16 |
---------------+-------------------------------------------------+-----
Axes           | 3 6 8 9 11 14 15 17 18 19 20 22 23 | 23.3
Fighting       | 4 5 6 7 8 10 11 12 13 14 15 16 17 | 17.3
Invocations    | 2 4 6 7 9 10 11 | 11.3
Armour         | 4 7 8 10 11 12 14 | 14.0
Shields        | 4 6 8 10 11 12 14 | 14.0

Action                   |  1- 3 |  4- 6 |  7- 9 | 10-12 | 13-15 | 16-18 || total
-------------------------+-------+-------+-------+-------+-------+-------++-------
Melee: War axe           |    53 |    78 |    34 |       |       |       ||   165
       Headbutt          |     6 |    12 |    19 |    95 |   202 |    73 ||   407
       Broad axe         |       |       |    86 |   435 |   704 |   331 ||  1556
       Whip              |       |       |       |     4 |    46 |       ||    50
Invok: Heroism           |       |       |       |     4 |     6 |     3 ||    13
  Use: Scroll            |       |       |    13 |     7 |    16 |     7 ||    43
       Potion            |       |       |     1 |     1 |     2 |     6 ||    10
Armor: Scale mail        |    22 |       |       |       |       |       ||    22
       Plate armour      |    12 |    44 |    46 |   131 |   188 |   138 ||   559
       Swamp dragon scal |       |       |       |    46 |    97 |       ||   143
       Crystal plate arm |       |       |       |       |    63 |       ||    63
Dodge: Dodged            |    21 |    23 |    26 |    82 |   185 |    64 ||   401
       Repelled          |       |       |       |     1 |     2 |     6 ||     9
Block: Buckler           |    15 |    11 |    43 |   175 |   351 |   148 ||   743
       Reflection        |       |       |     4 |    11 |    34 |    28 ||    77

Table legend: (Time is in decaauts)
 A = Elapsed time spent in this place.
 B = Non-inter-level travel time spent in this place.
 C = Inter-level travel time spent in this place.
 D = Time resting spent in this place.
 E = Time spent auto-exploring this place.
 F = Levels seen in this place.
 G = Mean time per level.
                   A        B        C        D        E       F      G
               +--------+--------+--------+--------+--------+-----+--------+
         Total |  30629 |  29750 |    879 |   9897 |  15612 |  27 | 1134.4 |
       Dungeon |  17620 |  17033 |    587 |   5309 |   9535 |  15 | 1174.7 |
        Temple |    199 |    185 |     14 |      0 |    161 |   1 |  199.0 |
          Lair |   7903 |   7746 |    157 |   2497 |   4347 |   5 | 1580.6 |
  Orcish Mines |   2154 |   2034 |    120 |    722 |    927 |   2 | 1077.0 |
   Elven Halls |   1638 |   1638 |      0 |    781 |    513 |   2 |  819.0 |
       Ossuary |    136 |    136 |      0 |      0 |     83 |   1 |  136.0 |
      Gauntlet |    976 |    976 |      0 |    588 |     46 |   1 |  976.0 |
               +--------+--------+--------+--------+--------+-----+--------+

Top non-repeatable levels by time:
  Lair:5: 2477 daAuts
     D:9: 1924 daAuts
    D:14: 1818 daAuts
    D:13: 1794 daAuts
    D:11: 1557 daAuts
  Lair:4: 1547 daAuts
     D:6: 1435 daAuts
     D:7: 1391 daAuts
  Lair:3: 1373 daAuts
   Orc:2: 1363 daAuts
  Lair:2: 1283 daAuts
  Lair:1: 1222 daAuts
    D:10: 1214 daAuts
     D:5: 1146 daAuts
   Elf:2: 1116 daAuts
